[Event "WYCC 2018 G14"]
[Site "Halkidiki"]
[Date "2018.10.20"]
[Round "1"]
[White "De Rycke, Tyani"]
[Black "Ning, Kaiyu"]
[Result "0-1"]
[ECO "C01"]
[WhiteElo "1758"]
[BlackElo "2217"]
[Annotator "NA"]
[PlyCount "78"]
[EventDate "2018.10.20"]
[EventType "swiss"]
[EventCountry "GRE"]
[SourceTitle "playchess.com"]
[Source "ChessBase"]
[SourceQuality "1"]
[TimeControl "40/5400+30:1800+30"]

1. e4 e6 2. d4 d5 3. exd5 exd5 4. Nf3 Bd6 5. Bd3 Nc6 6. c3 h6 {C01: French: Exchange Variation} (6... Bg4 7. O-O Nge7 8. Re1 Qd7 9. Nbd2 f6 10. b4 O-O 11. Nf1 Rae8 12. a4 Ng6 13. Ne3 Be6 14. g3 Nce7 15. Ra2 Nf5 16. Ng2 Bf7 17. Rae2 Rxe2 18. Rxe2 Re8 {½-½ (40) Leko,P (2731)-Morozevich,A (2724) Sochi 2014}) 7. O-O Qf6 8. Qe2+ $146 ({Predecessor:} 8. Qc2 Nge7 9. Nbd2 g5 10. Nb3 g4 11. Ne1 Bf5 12. f4 h5 13. Bxf5 Qxf5 14. Qxf5 Nxf5 {0-1 (45) Alcaide Luque,A (2179)-Gonzalez de la Torre,S (2459) Zornotza 2014}) 8... Nge7 9. Ne1 Bf5 10. Bxf5 Qxf5 11. Qd3 O-O-O 12. f4 (12. a4 $11) 12... h5 13. b3 f6 14. Ba3 Rhe8 15. Bxd6 Rxd6 16. a4 Re6 17. Nd2 Qxd3 18. Nxd3 Re3 19. Rf3 Nf5 20. Raf1 {[#]} Nh4 $1 21. Rg3 {[#]} Rxg3 $1 22. hxg3 Nf5 $17 ({Black should try} 22... Re3 $19 23. gxh4 Rxd3) 23. Kh2 Nd6 24. b4 Re2 25. Rf2 Re7 26. Rf1 Ne4 27. Nb1 g6 28. Nc5 Nxc5 29. dxc5 a5 30. b5 Nd8 31. Nd2 Re3 32. Rf3 Re2 33. Rd3 Nf7 34. Rxd5 Nh6 35. Nf3 Rc2 36. Kh3 Rc1 37. Nh2 Rh1 38. g4 hxg4+ 39. Kg3 Nf5+ 0-1

[Event "WYCC 2018 G14"]
[Site "Halkidiki"]
[Date "2018.10.20"]
[Round "1"]
[White "Dimitrijevic, Andjela"]
[Black "Divya Deshmukh"]
[Result "0-1"]
[ECO "B50"]
[WhiteElo "1744"]
[BlackElo "2180"]
[Annotator "ChessBase"]
[PlyCount "124"]
[EventDate "2018.10.20"]
[EventType "swiss"]
[EventCountry "GRE"]
[SourceTitle "playchess.com"]
[Source "ChessBase"]
[SourceQuality "1"]
[TimeControl "40/5400+30:1800+30"]

1. e4 c5 2. Nf3 d6 3. c3 Nf6 4. h3 Nc6 5. Bd3 e5 6. Bc2 Be7 7. d3 O-O 8. O-O h6 9. a3 a5 10. a4 b6 11. Na3 Ba6 12. Re1 Re8 13. Bb3 Qd7 14. Bc4 Bd8 15. Qb3 Bc7 16. Bd2 Bb7 17. Nb5 Rac8 18. Nh4 Nd8 19. Rad1 Bb8 20. Bc1 Ne6 21. Nf3 Nf8 22. Bd5 Ng6 23. Bxb7 Qxb7 24. c4 Nh5 25. Nc3 Nhf4 26. Nd5 Nxd5 27. exd5 f5 28. Qc2 Qf7 29. Nd2 Nh4 30. Kh2 Bc7 31. Nb1 Qg6 32. Rg1 Bd8 33. Nc3 Bf6 34. Rde1 Re7 35. b3 Rce8 36. Kh1 Qh5 37. Qd1 Qf7 38. g3 Ng6 39. Qf3 e4 40. dxe4 Bxc3 41. Qxc3 fxe4 42. Qc2 Qf5 43. Kg2 Qf3+ 44. Kh2 Qf7 45. Bb2 e3 46. f4 h5 47. h4 Re4 48. Rg2 Qd7 49. Bc1 Qg4 50. Qe2 Qf5 51. Qc2 Qf6 52. Bb2 Qe7 53. Rge2 Nxf4 54. gxf4 Qxh4+ 55. Kg1 Rxf4 56. Rxe3 Rg4+ 57. Kf1 Qh1+ 58. Ke2 Rxe3+ 59. Kxe3 Qxe1+ 60. Qe2 Re4+ 61. Kxe4 Qxe2+ 62. Kf4 Qxb2 0-1

[Event "WYCC 2018 G14"]
[Site "Halkidiki"]
[Date "2018.10.20"]
[Round "1"]
[White "Zaritovskaja, Margarita"]
[Black "Allahverdiyeva, Ayan"]
[Result "0-1"]
[ECO "C15"]
[WhiteElo "1731"]
[BlackElo "2116"]
[Annotator "NA"]
[PlyCount "66"]
[EventDate "2018.10.20"]
[EventType "swiss"]
[EventCountry "GRE"]
[SourceTitle "playchess.com"]
[Source "ChessBase"]
[SourceQuality "1"]
[TimeControl "40/5400+30:1800+30"]

1. e4 e6 2. d4 d5 3. Nc3 Bb4 4. Nge2 Nc6 5. a3 Ba5 6. exd5 exd5 7. Ng3 Nf6 8. Be2 Be6 9. O-O O-O 10. Bg5 h6 11. Be3 Ne7 12. b4 Bb6 13. Bd3 Qd7 14. Nce2 Nf5 15. Nxf5 Bxf5 16. Ng3 Bxd3 17. Qxd3 Rfe8 18. f3 a6 19. Kh1 Re6 20. Rae1 Qb5 21. Qd2 Rae8 22. Nf5 Kh7 23. Qf2 g6 24. Qh4 gxf5 25. Bxh6 Rxe1 26. Bd2+ Kg8 27. Qg5+ Kf8 28. Qh6+ Ke7 29. Rxe1+ Kd7 30. Rd1 Qe2 31. Rb1 Rg8 32. Bg5 Bxd4 33. Qh4 Be3 0-1

[Event "WYCC 2018 G14"]
[Site "Halkidiki"]
[Date "2018.10.20"]
[Round "1"]
[White "Maciulaityte, Barbora"]
[Black "Garifullina, Leya"]
[Result "0-1"]
[ECO "C77"]
[WhiteElo "1715"]
[BlackElo "2106"]
[Annotator "NA"]
[PlyCount "106"]
[EventDate "2018.10.20"]
[EventType "swiss"]
[EventCountry "GRE"]
[SourceTitle "playchess.com"]
[Source "ChessBase"]
[SourceQuality "1"]
[TimeControl "40/5400+30:1800+30"]

1. e4 e5 2. Nf3 Nc6 3. Bb5 a6 4. Ba4 Nf6 5. d3 d6 6. c3 g6 7. O-O Bg7 8. h3 O-O 9. Re1 b5 {[%emt 0:00:30] C77: Ruy Lopez: 3...a6 4 Ba4 Nf6, unusual lines} (9... Re8 10. Be3 d5 11. Nbd2 h6 12. exd5 Nxd5 13. Bxc6 bxc6 14. Qa4 Bf5 15. Ne4 Rb8 16. Rab1 Nb6 17. Qc2 {½-½ (40) Zhao,J (2599)-Wang,H (2713) Hanoi 2018}) 10. Bc2 Bb7 11. Nbd2 Re8 12. Nf1 Nb8 13. Ng3 Nbd7 14. a4 h6 15. d4 Qe7 $146 ({Predecessor:} 15... c5 16. d5 c4 17. Be3 {½-½ (44) Abrahamyan,T (2324)-Andersen,M (2479) Reykjavik 2016}) 16. Bd3 c6 17. b3 Nf8 18. Ba3 Qc7 19. Rb1 N6d7 20. Bb2 Ne6 21. axb5 axb5 22. d5 (22. Ne2 $11) 22... Nf4 23. dxc6 Bxc6 24. Bf1 Nc5 25. b4 Na4 26. Qb3 d5 $17 27. Rbd1 Qb7 28. Nd2 Rad8 29. Ba1 h5 30. h4 Nb6 31. Qc2 Nc4 32. Nxc4 bxc4 33. Bb2 Qe7 34. Bc1 Qxh4 35. exd5 Bxd5 36. Bxf4 Qxf4 37. Qc1 Qf6 38. Ne4 Qc6 39. Nc5 Kh7 40. Qg5 Bf6 41. Qg3 Kg7 42. Ra1 Ra8 43. Red1 e4 44. Qe3 Rxa1 45. Rxa1 Qc8 46. Ra7 Qf5 47. Na6 Rd8 48. Nc7 Bc6 49. Ra5 Qc8 50. Na6 Rd1 51. Nc5 Qg4 52. Ra6 Bg5 53. Qh3 Rxf1+ 0-1

[Event "WYCC 2018 G14"]
[Site "Halkidiki"]
[Date "2018.10.20"]
[Round "1"]
[White "Djordjevic, Nevena"]
[Black "Wen, Yili"]
[Result "0-1"]
[ECO "A46"]
[WhiteElo "1704"]
[BlackElo "2083"]
[Annotator "NA"]
[PlyCount "90"]
[EventDate "2018.10.20"]
[EventType "swiss"]
[EventCountry "GRE"]
[SourceTitle "playchess.com"]
[Source "ChessBase"]
[SourceQuality "1"]
[TimeControl "40/5400+30:1800+30"]

1. d4 Nf6 2. Nf3 e6 3. e3 b6 4. Bd3 Bb7 5. O-O d5 6. b3 Be7 7. c4 dxc4 8. bxc4 O-O 9. Nc3 c5 10. Bb2 cxd4 $11 11. exd4 Nc6 12. Qe2 Rc8 13. Rfd1 Nb4 14. Bb1 Bxf3 15. gxf3 Bd6 16. a3 Nc6 17. Ne4 Nxe4 18. fxe4 Qg5+ 19. Kh1 Bf4 20. Rg1 Qh6 21. Rg2 Rfd8 22. d5 Ne5 23. Ba2 Ng6 24. Rag1 e5 25. Qg4 Kh8 26. h4 Qxh4+ 27. Qxh4 Nxh4 28. Rxg7 Rd7 29. R7g4 Ng6 30. Rd1 Kg8 31. Rgg1 b5 32. Bc1 bxc4 33. Bxf4 exf4 34. Rc1 c3 35. e5 Kf8 36. Rge1 Rb7 37. Re2 f3 38. Rec2 Nxe5 39. Rxc3 Rxc3 40. Rxc3 Rb2 41. Bb3 Rxf2 42. Kg1 Ng4 43. Bd1 Rg2+ 44. Kf1 Nh2+ 45. Ke1 f2+ 0-1

[Event "WYCC 2018 G14"]
[Site "Halkidiki"]
[Date "2018.10.20"]
[Round "1"]
[White "Ruzic, Pia Marie"]
[Black "Dylag, Emilia"]
[Result "0-1"]
[ECO "A29"]
[WhiteElo "1691"]
[BlackElo "2059"]
[Annotator "NA"]
[PlyCount "100"]
[EventDate "2018.10.20"]
[EventType "swiss"]
[EventCountry "GRE"]
[SourceTitle "playchess.com"]
[Source "ChessBase"]
[SourceQuality "1"]
[TimeControl "40/5400+30:1800+30"]

1. c4 e5 2. Nc3 Nf6 3. Nf3 Nc6 4. g3 d5 5. cxd5 Nxd5 6. Bg2 Nde7 7. O-O g6 8. d3 Bg7 9. a3 {[%emt 0:02:44] A29: English Opening: Four Knights Variation with 4 g3} (9. Rb1 a5 10. a3 O-O 11. b4 axb4 12. axb4 Nd4 13. Nd2 c6 14. e3 Ne6 15. Qc2 Nd5 16. b5 Nxc3 17. Qxc3 e4 18. d4 c5 19. Nxe4 cxd4 {1-0 (49) Almasi,Z (2692)-Bartel,M (2641) Budapest 2014}) 9... O-O 10. Qc2 h6 11. b4 a6 $146 ({Predecessor:} 11... a5 12. Rb1 axb4 13. axb4 {0-1 (52) Vukovic,I (2031)-Boguszlavszkij,J (2170) Balatonlelle 2018}) 12. Bb2 Nf5 13. Rac1 Nfd4 14. Nxd4 Nxd4 15. Qd1 c6 16. e4 Be6 17. Ne2 Nxe2+ 18. Qxe2 Qd6 19. Rfe1 Rfd8 20. Bf1 h5 21. Qe3 a5 22. Bc3 Rd7 23. bxa5 Qxa3 24. Qd2 Qf8 25. Rb1 Qd8 26. Qb2 f6 27. Qb6 Bf8 28. Qxd8 Raxd8 29. Rec1 h4 30. Rc2 hxg3 31. hxg3 Rh7 32. Rcb2 Bc8 33. Bb4 Bxb4 34. Rxb4 Re7 35. R4b3 Rd4 36. Rb4 Rc7 37. Be2 Kf8 38. Rxd4 exd4 39. Rb4 c5 40. Rb6 Kf7 41. f4 Be6 42. Kf2 Ke7 43. Kf3 Rd7 $14 44. g4 c4 45. f5 gxf5 46. gxf5 Bf7 47. dxc4 d3 48. Bxd3 Rxd3+ 49. Ke2 Bxc4 50. Rxb7+ Rd7+ 0-1

[Event "WYCC 2018 G14"]
[Site "Halkidiki"]
[Date "2018.10.20"]
[Round "1"]
[White "He, Emma"]
[Black "Mehmed, Elif"]
[Result "0-1"]
[ECO "B50"]
[WhiteElo "1674"]
[BlackElo "2049"]
[Annotator "NA"]
[PlyCount "104"]
[EventDate "2018.10.20"]
[EventType "swiss"]
[EventCountry "GRE"]
[SourceTitle "playchess.com"]
[Source "ChessBase"]
[SourceQuality "1"]
[TimeControl "40/5400+30:1800+30"]

1. e4 c5 2. Nf3 d6 3. c3 Nf6 4. h3 Bd7 5. Bd3 {[%emt 0:01:57] B50: Sicilian: 2...d6, Miscellaneous} (5. Qc2 Bc6 6. d3 Nbd7 7. Nbd2 g6 8. d4 cxd4 9. Nxd4 Bg7 10. Be2 O-O 11. O-O Nc5 12. Nxc6 bxc6 {½-½ (68) Svidler,P (2726)-Movsesian,S (2747) Odessa 2009}) 5... Bc6 6. Qe2 Nh5 7. Bc2 Nf4 8. Qf1 d5 9. Ne5 $146 ({Predecessor:} 9. d3 dxe4 10. dxe4 Qc7 11. Be3 Nd7 12. Nbd2 g6 {1-0 (34) Vysochin,S (2536)-Golichenko,I (2433) Kiev 2013}) 9... dxe4 10. Nxc6 Nxc6 11. Bxe4 Qc7 12. d3 Ng6 13. Be3 e6 14. Na3 a6 15. Nc2 Bd6 16. d4 cxd4 17. Nxd4 Nxd4 18. Bxd4 f5 19. Bc2 e5 20. Be3 O-O 21. O-O-O Rad8 22. h4 b5 23. h5 Ne7 24. g4 e4 25. Rg1 Bf4 26. Kb1 Bxe3 27. fxe3 fxg4 28. Qe2 Rxd1+ 29. Qxd1 Nf5 30. Qxg4 Nxe3 31. Bb3+ Kh8 32. Qxe4 Nc4 33. Bxc4 Qxc4 34. Qxc4 bxc4 35. Re1 Kg8 36. Re4 Rf1+ 37. Kc2 Rf2+ 38. Kc1 Rh2 39. Rxc4 Rxh5 40. Kc2 Re5 41. Kd3 g5 42. Re4 Rf5 43. b4 h5 44. c4 g4 45. c5 g3 46. c6 g2 $11 47. c7 Rf8 48. Re1 h4 49. Rg1 h3 50. Ke3 Kh7 51. c8=Q Rxc8 52. Kf2 h2 0-1

[Event "WYCC 2018 G14"]
[Site "Halkidiki"]
[Date "2018.10.20"]
[Round "1"]
[White "Kong, Sydney"]
[Black "Dhyana Patel"]
[Result "0-1"]
[ECO "B35"]
[WhiteElo "1659"]
[BlackElo "2002"]
[Annotator "NA"]
[PlyCount "136"]
[EventDate "2018.10.20"]
[EventType "swiss"]
[EventCountry "GRE"]
[SourceTitle "playchess.com"]
[Source "ChessBase"]
[SourceQuality "1"]
[TimeControl "40/5400+30:1800+30"]

1. e4 c5 2. Nf3 Nc6 3. d4 cxd4 4. Nxd4 g6 5. Nc3 Bg7 6. Be3 Nf6 7. Bc4 O-O 8. Bb3 a5 9. f3 d6 $14 10. Qd2 Bd7 11. a3 a4 12. Ba2 Qa5 13. O-O Rfd8 14. Qf2 Rac8 15. Ndb5 Rf8 16. Bb6 Qa8 17. Rad1 Ne5 18. Nc7 Qb8 19. N3d5 Nxd5 20. Nxd5 Rfe8 21. Ba7 Qa8 22. Bd4 Qa6 23. Kh1 Bb5 24. Rfe1 Bc4 25. Bxc4 Rxc4 26. Bb6 Nd7 27. Bd4 Ne5 28. Bb6 Nd7 29. Bd4 Qc6 30. Nb4 Bxd4 31. Rxd4 Qc5 32. Red1 Ne5 33. Qd2 b5 34. Rd5 Qb6 35. b3 Rc7 36. Qe2 axb3 37. cxb3 Rb8 38. R5d2 Qa7 39. Ra1 Rbc8 40. h4 Rc1+ 41. Rd1 R1c5 42. f4 Nd7 43. Nd5 Nb6 44. b4 Rc2 45. Qe3 R2c6 46. f5 Qb7 47. Qg5 Nxd5 48. Rxd5 Kg7 49. Rf1 f6 50. Qf4 Rc4 51. g4 Qxd5 52. exd5 Rxf4 53. Rxf4 Rc3 54. Re4 Kf7 55. Kg2 Rxa3 56. Rd4 gxf5 57. gxf5 Re3 58. Kf2 Re5 59. Kf3 Rxf5+ 60. Kg4 Re5 61. Kf4 Re1 62. Kg3 f5 63. Kf4 Kf6 64. Kg3 Ke5 65. Rd2 Re4 66. Rf2 Rxb4 67. Re2+ Re4 68. Rxe4+ fxe4 0-1

[Event "WYCC 2018 G14"]
[Site "Halkidiki"]
[Date "2018.10.20"]
[Round "1"]
[White "Tien, Sophie"]
[Black "Kamalidenova, Meruert"]
[Result "0-1"]
[ECO "B51"]
[WhiteElo "1648"]
[BlackElo "1999"]
[Annotator "NA"]
[PlyCount "142"]
[EventDate "2018.10.20"]
[EventType "swiss"]
[EventCountry "GRE"]
[SourceTitle "playchess.com"]
[Source "ChessBase"]
[SourceQuality "1"]
[TimeControl "40/5400+30:1800+30"]

1. e4 c5 2. Nf3 d6 3. Bb5+ Nd7 4. c3 Ngf6 5. Qe2 a6 6. Ba4 g6 7. O-O Bg7 8. d4 b5 9. Bc2 Nb6 10. Nbd2 O-O 11. Re1 Qc7 12. Nf1 Bb7 13. Ng3 Rac8 14. Bd3 Nfd7 15. Bd2 Nb8 16. Rac1 Rfd8 17. b3 Nc6 18. d5 Nb8 19. c4 b4 20. Rc2 N8d7 21. Bc1 Rf8 22. Bb2 Bxb2 23. Rxb2 e6 24. Qd2 e5 25. Qh6 f6 26. h4 Rf7 27. h5 Nf8 28. Kf1 Rd8 29. Ke2 Bc8 30. Qe3 a5 31. Rbb1 a4 32. Rh1 Bd7 33. hxg6 hxg6 34. Rh6 axb3 35. axb3 Qa7 36. Rbh1 Rg7 37. Nd2 Ra8 38. f4 Bg4+ 39. Kf2 Qa2 40. fxe5 dxe5 41. R6h4 Bd7 42. Rc1 Qb2 43. Ne2 Qa2 44. Rhh1 Rh7 45. Rxh7 Nxh7 46. Qh6 Nf8 47. Bb1 Qa3 48. Rc2 Qa7 49. Ra2 Qb7 50. Rxa8 Qxa8 51. Qe3 Qa5 52. Qf3 Kg7 53. Nf1 Nh7 54. Qd3 Ng5 55. Ne3 Nc8 56. Ng3 Nd6 57. Nef1 Qa1 58. Nd2 Qb2 59. Kg1 Qc1+ 60. Kh2 Ndf7 61. Qc2 Qe1 62. Qd3 Nh6 63. Ndf1 Ng4+ 64. Kg1 Qf2+ 65. Kh1 Qb2 66. Qc2 Qd4 67. Qd2 Qa1 68. Qc2 Bc8 69. Ne2 Nxe4 70. Kg1 Bf5 71. Qd1 Nef2 0-1

[Event "WYCC 2018 G14"]
[Site "Halkidiki"]
[Date "2018.10.20"]
[Round "1"]
[White "Gregurkova, Nikola"]
[Black "Mrudul Dehankar"]
[Result "0-1"]
[ECO "B01"]
[WhiteElo "1627"]
[BlackElo "1996"]
[Annotator "NA"]
[PlyCount "74"]
[EventDate "2018.10.20"]
[EventType "swiss"]
[EventCountry "GRE"]
[SourceTitle "playchess.com"]
[Source "ChessBase"]
[SourceQuality "1"]
[TimeControl "40/5400+30:1800+30"]

1. e4 d5 2. exd5 Nf6 3. d4 Bg4 4. Be2 Bxe2 5. Qxe2 Qxd5 6. Nf3 e6 7. c4 Bb4+ 8. Bd2 Bxd2+ 9. Nbxd2 Qf5 10. O-O O-O 11. Ne5 Rd8 12. Ndf3 Na6 13. Rac1 h6 14. Rfd1 c6 15. a3 Nc7 16. Qe3 Nce8 17. b4 Nd6 18. Qb3 g5 19. Qc2 g4 20. Ne1 Qg5 21. Qd2 Qg7 22. f3 Nf5 23. Qc3 g3 24. h3 Nh5 25. Nc2 Nf4 26. Re1 Rd6 27. Rcd1 Rad8 28. a4 f6 29. c5 Rd5 30. Nc4 e5 31. Qb2 exd4 32. Rd2 Qg5 33. Qc1 d3 34. N2e3 Nxe3 35. Nxe3 Ne2+ 36. Rexe2 dxe2 37. Nxd5 Rxd5 0-1

[Event "WYCC 2018 G14"]
[Site "Halkidiki"]
[Date "2018.10.20"]
[Round "1"]
[White "Kumar, Arya"]
[Black "Matus, Nastassja"]
[Result "1/2-1/2"]
[ECO "C01"]
[WhiteElo "1619"]
[BlackElo "1983"]
[Annotator "NA"]
[PlyCount "51"]
[EventDate "2018.10.20"]
[EventType "swiss"]
[EventCountry "GRE"]
[SourceTitle "playchess.com"]
[Source "ChessBase"]
[SourceQuality "1"]
[TimeControl "40/5400+30:1800+30"]

1. e4 e6 2. d4 d5 3. exd5 exd5 4. Bd3 Nf6 5. Nf3 Bd6 6. O-O O-O 7. Bg5 Bg4 8. Nbd2 Nbd7 9. c3 c6 10. Qc2 h6 11. Bh4 Qc7 12. Bg3 Bxg3 13. hxg3 Rfe8 14. Rfe1 b6 15. Nf1 c5 16. Ne3 Be6 17. Bf5 Bxf5 18. Qxf5 Qd6 19. Rad1 c4 20. Ng4 Nxg4 21. Qxg4 Nf6 22. Qf5 b5 23. Re5 Re7 24. Rde1 Rae8 25. Qf4 Qd7 26. Rxe7 1/2-1/2

[Event "WYCC 2018 G14"]
[Site "Halkidiki"]
[Date "2018.10.20"]
[Round "1"]
[White "Desai, Nilomi"]
[Black "Sim, Jia Ru"]
[Result "0-1"]
[ECO "D20"]
[WhiteElo "1606"]
[BlackElo "1979"]
[Annotator "NA"]
[PlyCount "66"]
[EventDate "2018.10.20"]
[EventType "swiss"]
[EventCountry "GRE"]
[SourceTitle "playchess.com"]
[Source "ChessBase"]
[SourceQuality "1"]
[TimeControl "40/5400+30:1800+30"]

1. d4 d5 2. c4 dxc4 3. e3 e5 4. Bxc4 exd4 5. exd4 Bd6 6. Nc3 Nf6 7. Nf3 O-O 8. O-O Nc6 9. h3 h6 10. Be3 Bf5 11. a3 a6 12. b4 Re8 13. Qb3 Qd7 14. Rfd1 Re7 15. Ne5 Nxe5 16. dxe5 Rxe5 17. Bd4 Rae8 18. f4 R5e6 19. Bxe6 Rxe6 20. Be5 Nh5 21. Bxd6 cxd6 22. Nd5 Rg6 23. Qf3 Bxh3 24. Qxh5 Rxg2+ 25. Kh1 Bg4 26. Qh4 Bf3 27. Rd3 Rg4+ 28. Kh2 Rxh4+ 29. Kg3 Qg4+ 30. Kf2 Rh2+ 31. Ke3 Bxd5 32. Rxd5 Qe6+ 33. Kd4 Rd2+ 0-1

[Event "WYCC 2018 G14"]
[Site "Halkidiki"]
[Date "2018.10.20"]
[Round "1"]
[White "Alimova, Sevinch"]
[Black "Hrebenshchykova, Yelyzaveta"]
[Result "0-1"]
[ECO "E85"]
[WhiteElo "1596"]
[BlackElo "1968"]
[Annotator "NA"]
[PlyCount "160"]
[EventDate "2018.10.20"]
[EventType "swiss"]
[EventCountry "GRE"]
[SourceTitle "playchess.com"]
[Source "ChessBase"]
[SourceQuality "1"]
[TimeControl "40/5400+30:1800+30"]

1. d4 Nf6 2. c4 g6 3. Nc3 Bg7 4. e4 d6 5. f3 O-O 6. Be3 e5 7. Nge2 Nbd7 8. Qd2 c6 9. O-O-O a6 10. dxe5 dxe5 {[%emt 0:00:47] E86: King's Indian: Sämisch: 6...e5 7 Nge2 c6} (10... Nxe5 11. Nd4 d5 12. exd5 cxd5 13. c5 Re8 14. Bh6 Bh8 15. Bg5 Be6 16. Qf4 Ned7 17. h4 Nh5 18. Qd6 {0-1 (27) Laznicka,V (2601)-Chuprov,D (2577) Pardubice 2008}) 11. c5 Qa5 12. Kb1 Nxc5 $146 ({Predecessor:} 12... b5 13. cxb6 Nxb6 14. Nd5 Qxd2 15. Ne7+ Kh8 16. Bxd2 Bb7 17. Rc1 c5 18. Ba5 {1-0 (28) Rene,M-Schuilenburg,H Dos Hermanas 2004}) 13. Bxc5 Qxc5 14. Na4 Qa7 15. Nc1 b5 16. Nc3 Be6 17. Be2 a5 18. g4 Qe7 19. Qd6 Qxd6 20. Rxd6 Rfc8 21. Rdd1 Nd7 22. Nd3 Nb6 23. Nc5 Bc4 24. Bxc4 Nxc4 25. b3 Nb6 26. Kc2 Bf6 27. Nd7 Nxd7 28. Rxd7 Rd8 29. Rhd1 Rxd7 30. Rxd7 Bd8 31. Rd6 Rc8 32. a4 Kf8 33. Rd7 Bb6 34. Ne2 bxa4 35. bxa4 Rc7 36. Rxc7 Bxc7 37. Kc3 Ke7 38. Kc4 Bd6 39. Nc1 Kf6 40. h4 h5 41. g5+ Ke6 42. Kd3 Bb4 43. Ke2 Kd6 44. Nd3 Bc3 45. Kd1 Bd4 46. Kc2 Ke6 47. Kd2 c5 48. Ke2 c4 49. Ne1 Kd6 50. Nc2 Kc5 51. Ke1 c3 52. Kf1 Kc4 53. Ke2 Kb3 54. Kd3 Bf2 55. Na1+ Kb2 56. Nc2 Bxh4 57. Ne3 Bxg5 58. Nd1+ Kb3 59. Nxc3 h4 60. Nd1 h3 61. Nf2 h2 62. Nh1 Kxa4 63. Kc4 Ka3 64. Kc3 a4 65. Ng3 Bf4 66. Nh1 Ka2 67. Kc2 a3 68. Nf2 f5 69. Nh1 fxe4 70. fxe4 g5 71. Nf2 {[%emt 0:00:07] [#]} g4 $1 72. Nh1 g3 73. Nxg3 Bxg3 74. Kd3 h1=Q 75. Kc4 Qxe4+ 76. Kc5 Qd4+ 77. Kc6 e4 78. Kb5 Qc3 79. Kb6 Qc7+ 80. Kb5 Bd6 0-1

[Event "WYCC 2018 G14"]
[Site "Halkidiki"]
[Date "2018.10.20"]
[Round "1"]
[White "Hoshino, Meilin"]
[Black "Lehaci, Miruna-Daria"]
[Result "0-1"]
[ECO "E26"]
[WhiteElo "1533"]
[BlackElo "1933"]
[Annotator "NA"]
[PlyCount "122"]
[EventDate "2018.10.20"]
[EventType "swiss"]
[EventCountry "GRE"]
[SourceTitle "playchess.com"]
[Source "ChessBase"]
[SourceQuality "1"]
[TimeControl "40/5400+30:1800+30"]

1. d4 Nf6 2. c4 e6 3. Nc3 Bb4 4. e3 c5 5. a3 Bxc3+ 6. bxc3 O-O 7. Bd3 d6 8. Ne2 Nc6 9. O-O b6 10. Ng3 Ba6 11. Qe2 Na5 12. Rb1 Rc8 13. d5 Qd7 14. Nh5 Nxh5 15. Qxh5 f5 16. Qe2 e5 17. e4 f4 18. Re1 f3 19. gxf3 Rf6 20. Kh1 Qh3 21. f4 exf4 22. f3 Bxc4 23. Bxc4 Nxc4 24. Rf1 Ne5 25. Bd2 c4 26. Rf2 h6 27. Qf1 Qh5 28. a4 Nd3 29. Rg2 Rc5 30. Rg4 Qf7 31. Qg2 Ne5 32. Rh4 g5 33. Rh3 Rg6 34. Qf1 Nd3 35. Ra1 Qd7 36. Rb1 Qxa4 37. Ra1 Qd7 38. Rb1 Qxh3 39. Qxh3 Nf2+ 40. Kg2 Nxh3 41. Kxh3 Rg7 42. Rb4 Rgc7 43. Be1 Ra5 44. Bf2 h5 45. Bd4 Kf7 46. Rb1 Ra2 47. Rg1 Kg6 48. Rb1 Rd2 49. Rc1 b5 50. Ra1 b4 51. Ra6 Rxd4 52. Rxd6+ Kg7 53. cxd4 c3 54. Ra6 c2 55. Ra1 c1=Q 56. Rxc1 Rxc1 57. d6 Rc8 58. e5 Rd8 59. d5 Kf8 60. Kg2 b3 61. Kf2 b2 0-1

[Event "WYCC 2018 G14"]
[Site "Halkidiki"]
[Date "2018.10.20"]
[Round "1"]
[White "Yellamraju, Aparna"]
[Black "Kuhar, Larisa"]
[Result "1/2-1/2"]
[ECO "A58"]
[WhiteElo "1518"]
[BlackElo "1916"]
[Annotator "NA"]
[PlyCount "70"]
[EventDate "2018.10.20"]
[EventType "swiss"]
[EventCountry "GRE"]
[SourceTitle "playchess.com"]
[Source "ChessBase"]
[SourceQuality "1"]
[TimeControl "40/5400+30:1800+30"]

1. d4 Nf6 2. c4 c5 3. d5 b5 4. cxb5 a6 5. bxa6 g6 6. Nc3 Bxa6 7. e4 Bxf1 8. Kxf1 d6 9. Nf3 Nbd7 10. a4 Bg7 11. g3 O-O 12. Kg2 Ra6 13. Qc2 Qa8 14. Ra3 e6 15. Rd1 exd5 16. Nxd5 Nxd5 17. exd5 Nb6 18. b3 Nxd5 19. Qe4 Nb4 20. Qxa8 Rfxa8 21. Bd2 Rc8 22. Bxb4 cxb4 23. Ra2 Rc3 24. Rb1 f5 25. Rd2 Bf6 26. Rd5 Rcc6 27. Rbd1 Kf7 28. Nd2 Rc3 29. Nc4 Be7 30. Nxd6+ Bxd6 31. Rxd6 Rxd6 32. Rxd6 Rxb3 33. Rb6 Kg7 34. a5 Ra3 35. Rxb4 Rxa5 1/2-1/2

[Event "WYCC 2018 G14"]
[Site "Halkidiki"]
[Date "2018.10.20"]
[Round "1"]
[White "Tsakona, Maria"]
[Black "Baiburina, Kamilla"]
[Result "0-1"]
[ECO "A46"]
[WhiteElo "1503"]
[BlackElo "1907"]
[Annotator "NA"]
[PlyCount "78"]
[EventDate "2018.10.20"]
[EventType "swiss"]
[EventCountry "GRE"]
[SourceTitle "playchess.com"]
[Source "ChessBase"]
[SourceQuality "1"]
[TimeControl "40/5400+30:1800+30"]

1. d4 Nf6 2. Nf3 e6 3. e3 c5 4. b3 b6 5. Bd3 Bb7 6. Nbd2 cxd4 7. exd4 Be7 8. O-O O-O 9. Bb2 d6 10. c4 Nbd7 11. Qe2 Re8 12. Rfe1 Bf8 13. Ne4 Nxe4 14. Bxe4 Bxe4 15. Qxe4 Nf6 16. Qd3 Rc8 17. a3 Qd7 18. Rac1 Qb7 19. b4 a5 20. Bc3 axb4 21. axb4 Rc7 22. Rc2 Rec8 23. Nd2 Be7 24. Rb1 Qc6 25. Rbc1 h6 26. h3 Nh5 27. Bb2 Nf4 28. Qf3 Qxf3 29. Nxf3 Nd3 30. Rb1 Rxc4 31. Rxc4 Rxc4 32. Ba3 Rc2 33. Rf1 Ra2 34. Bc1 Nxb4 35. Be3 Nd5 36. Rb1 Rc2 37. Rd1 b5 38. Rb1 b4 39. Kf1 f6 0-1

[Event "WYCC 2018 G14"]
[Site "Halkidiki"]
[Date "2018.10.20"]
[Round "1"]
[White "Burdot, Clara"]
[Black "Lomaia, Diana"]
[Result "1/2-1/2"]
[ECO "B22"]
[WhiteElo "1472"]
[BlackElo "1876"]
[Annotator "NA"]
[PlyCount "81"]
[EventDate "2018.10.20"]
[EventType "swiss"]
[EventCountry "GRE"]
[SourceTitle "playchess.com"]
[Source "ChessBase"]
[SourceQuality "1"]
[TimeControl "40/5400+30:1800+30"]

1. e4 c5 2. c3 d5 3. exd5 Qxd5 4. d4 Nc6 5. Nf3 Bg4 6. Be2 cxd4 7. cxd4 e6 8. Nc3 Bb4 9. O-O Qa5 10. h3 Bxf3 11. Bxf3 Nge7 12. Be3 O-O 13. Qb3 Rfd8 14. Rfd1 Bxc3 15. bxc3 Qc7 16. Rac1 Na5 17. Qb5 a6 18. Qe2 Nc4 19. Bg5 Rac8 20. d5 Qc5 21. Bh4 e5 22. d6 Rxd6 23. Bxb7 Rb8 24. Rxd6 Nxd6 25. Bxa6 Nef5 26. Bg5 Ng3 27. Qe3 Qxe3 28. Bxe3 Ngf5 29. a4 Nxe3 30. fxe3 Ne4 31. c4 Nc5 32. Bb5 Kf8 33. Rd1 Ra8 34. Rd5 Nxa4 35. Rxe5 f6 36. Rd5 Nc3 37. Rd3 Nxb5 38. cxb5 Ra1+ 39. Kf2 Rb1 40. Rd5 Ke7 41. e4 1/2-1/2

[Event "WYCC 2018 G14"]
[Site "Halkidiki"]
[Date "2018.10.20"]
[Round "1"]
[White "Van Sebille, Sulia"]
[Black "Kasaeva, Sofiia"]
[Result "0-1"]
[ECO "C54"]
[WhiteElo "1442"]
[BlackElo "1874"]
[Annotator "NA"]
[PlyCount "74"]
[EventDate "2018.10.20"]
[EventType "swiss"]
[EventCountry "GRE"]
[SourceTitle "playchess.com"]
[Source "ChessBase"]
[SourceQuality "1"]
[TimeControl "40/5400+30:1800+30"]

1. e4 e5 2. Nf3 Nc6 3. Bc4 Bc5 4. c3 Nf6 5. d4 exd4 6. cxd4 Bb4+ 7. Nc3 Nxe4 8. O-O Bxc3 9. d5 Bf6 10. dxc6 bxc6 11. Re1 d5 12. Bd3 O-O 13. Bxe4 dxe4 14. Qxd8 Rxd8 15. Nd2 Bf5 16. h3 h5 17. Nxe4 Bxe4 18. Rxe4 Rd1+ 19. Kh2 Bd4 20. Re2 c5 21. g3 Kf8 22. Kg2 Re8 23. Rc2 Ree1 24. h4 Ke8 25. Kf3 Kd7 26. Kg2 Ke6 27. Kf3 Kf5 28. a3 Rd3+ 29. Kg2 Ke4 30. Ra2 Rdd1 31. f3+ Kd3 32. b3 Rg1+ 33. Kh3 Rh1+ 34. Rh2 Rxh2+ 35. Kxh2 Rxc1 36. Kg2 Rc2+ 37. Rxc2 Kxc2 0-1